 Dungeon Crawl Stone Soup version 0.24.0-123-gd5b16e6ec5 (webtiles) character file.

Game seed: 15826474872474054259, levelgen mode: deterministic

115 Descartes the Magician (level 4, -2/24 HPs)
             Began as a Deep Elf Wizard on Feb 2, 2020.
             Shot with an arrow by a centaur (11 damage)
             ... on level 5 of the Dungeon.
             The game lasted 00:06:12 (2892 turns).

Descartes the Magician (Deep Elf Wizard)            Turns: 2892, Time: 00:06:12

Health: -2/24      AC:  3    Str:  4    XL:     4   Next: 68%
Magic:  13/13      EV: 13    Int: 24    God:
Gold:   103        SH:  0    Dex: 13    Spells: 13/14 levels left

rFire    . . .     SeeInvis .   p - -1 trident (curse)
rCold    . . .     Gourm    +   (no shield)
rNeg     . . .     Faith    .   a - +0 robe
rPois    .         Spirit   .   f - +0 helmet
rElec    .         Reflect  .   (no cloak)
rCorr    .         Harm     .   (no gloves)
MR       .....                  (no boots)
Stlth    ++........             h - amulet of the gourmand
HPRegen  0.08/turn              (no ring)
MPRegen  0.13/turn              (no ring)

@: no status effects
A: no striking features
a: no special abilities


You were on level 5 of the Dungeon.
You were completely stuffed.

You visited 1 branch of the dungeon, and saw 5 of its levels.

You collected 103 gold pieces.

Inventory:

Hand Weapons
 n - a +0 dagger
 p - a cursed -1 trident (weapon)
Missiles
 g - 23 arrows
 i - 49 stones
 k - 8 boomerangs
 w - 23 poisoned darts (quivered)
Armour
 a - a +0 robe (worn)
 b - a +0 hat
 f - a +0 helmet (worn)
Jewellery
 h - an amulet of the gourmand (around neck)
Wands
 u - a wand of paralysis (7)
Scrolls
 j - a scroll of enchant armour {unknown}
 l - a scroll of amnesia {unknown}
 m - a scroll of teleportation {unknown}
 r - a scroll of magic mapping {unknown}
 s - a scroll of blinking {unknown}
 v - a scroll of identify
Potions
 c - a potion of berserk rage {unknown}
 e - 4 potions of ambrosia
 o - a potion of haste
 t - a potion of lignification {unknown}
 x - a potion of curing {unknown}
Comestibles
 d - 4 rations


   Skills:
 + Level 3.2 Dodging
 + Level 3.3 Stealth
 * Level 5.6 Spellcasting
 * Level 3.0 Conjurations
   Level 1.1 Summonings
   Level 1.1 Translocations


You had 13 spell levels left.
You knew the following spells:

 Your Spells              Type           Power        Failure   Level  Hunger
a - Magic Dart            Conj           ###.         2%          1    None

Your spell library contained the following spells:

 Spells                   Type           Power        Failure   Level  Hunger
 Blink                    Tloc           N/A          8%          2    None
 Call Imp                 Summ           ##......     8%          2    None
 Slow                     Hex            #.......     13%         2    None
 Conjure Flame            Conj/Fire      ##......     13%         3    #......
 Mephitic Cloud           Conj/Pois/Air  ##......     16%         3    #......


Dungeon Overview and Level Annotations

Branches:
Dungeon (6/15)
 Temple: D:4-7

Altars:

Annotations:
D:6 Duvessa


Message History

Duvessa says, "My weaknesses are his strengths!"
Duvessa says, "When magic and the sword combine, nothing stands against them."
Duvessa gestures with her weapon.
Found a ring mail.
Found a stone staircase leading down.
Found a stone staircase leading up.
There is a stone staircase leading up here.
You climb upwards.
The centaur shouts!
Found a grey potion.
There is a stone staircase leading down here.
The centaur wields a cursed -3 shortbow.
The centaur shoots an arrow.
The arrow hits you.
Found a stone staircase leading down.
You see here an arrow.
The centaur shoots an arrow.
The arrow hits you!
Found a stone staircase leading down.
You see here an arrow.
The centaur shoots an arrow.
The arrow hits you!
You die...

#. .## #.
...###.
#>...#.
#.....
###...##
#...>..## ##
#@(## ..#
###(#..##..
#>.......
#...c.###
.......#
........#
...........
...#........
...##........


You could see a centaur.

Vanquished Creatures
  Jessica (D:3)
  2 adders (D:2)
  3 oozes (D:1)
  3 worms
  3 dart slugs (D:1)
  An orc (D:3)
  3 bats
  2 giant cockroaches (D:1)
  7 goblins
  4 hobgoblins
  2 jackals (D:2)
  2 ball pythons
  A frilled lizard (D:2)
  6 kobolds
  5 rats
45 creatures vanquished.

Notes
Turn   | Place    | Note
-------+----------+-------------------------------------------
     0 | D:1      | Descartes the Deep Elf Wizard began the quest for the Orb.
     0 | D:1      | Reached XP level 1. HP: 10/10 MP: 7/7
   185 | D:1      | Reached XP level 2. HP: 5/15 MP: 0/9
   849 | D:1      | Reached skill level 5 in Spellcasting
   849 | D:1      | Reached XP level 3. HP: 15/19 MP: 0/11
  1909 | D:2      | Reached XP level 4. HP: 24/24 MP: 7/13
  2319 | D:3      | Noticed Jessica
  2329 | D:3      | Killed Jessica
  2793 | D:3      | You fall into a shaft and drop 3 floors!
  2862 | D:6      | Noticed Duvessa
  2889 | D:5      | Entered Level 5 of the Dungeon
  2889 | D:5      | Noticed a centaur
  2892 | D:5      | Shot with an arrow by a centaur

Levels and vault maps discovered:
D:1:      minmay_arrival_stair_chambers, layout_rooms,
          chequers_serial_rivers_large_a
D:2:      layout_basic, first_ration, dk_noncrumbling_2
D:3:      layout_basic, lemuel_crystal_altar, tso_metal_star, uniq_terence,
          uniq_jessica
D:5:      black_bear_nest_2, layout_cave_pods, lemuel_blue_sif_altar
D:6:      layout_loops_ring, dancing_weapons_uskayaw,
          minmay_overflow_temple_hex, temple_hall, minmay_misc_feat_tower,
          uniq_menkaure, uniq_blork_the_orc, uniq_duvessa

Skill      XL: |  1  2  3  4 |
---------------+-------------+-----
Conjurations   | 2 3 |  3.0
Spellcasting   | 5 |  5.6
Stealth        | 3 |  3.3
Dodging        | 3 |  3.2
Summonings     | |  1.1
Translocations | |  1.1

Action                   |  1- 3 |  4- 6 || total
-------------------------+-------+-------++-------
Melee: Unarmed           |    11 |       ||    11
 Cast: Magic Dart        |    97 |    32 ||   129
  Use: Scroll            |     2 |       ||     2
  Eat: Chunk             |    15 |     3 ||    18
Armor: Robe              |     3 |     1 ||     4
Dodge: Dodged            |    21 |     4 ||    25
